 Dungeon Crawl Stone Soup version 0.29-a0-1065-g47a6bb87d6 (webtiles) character file.

Game seed: 5995463383829134037

3 drugrobin the Sneak (level 1, 0/18 HPs)
             Began as a Demigod Delver on Aug 18, 2022.
             Succumbed to an adder's poison
             ... on level 3 of the Dungeon.
             The game lasted 00:02:29 (351 turns).

drugrobin the Sneak (Demigod Delver)                 Turns: 351, Time: 00:02:29

Health: 0/18       AC:  3    Str: 13    XL:     1   Next: 33%
Magic:  3/3        EV: 12    Int: 12    God:
Gold:   13         SH:  0    Dex: 15    Spells: 0/0 levels left

rFire   . . .      SeeInvis .   a - +0 hand axe
rCold   . . .      Faith    .   (no shield)
rNeg    . . .      Spirit   .   b - +0 leather armour
rPois   .          Reflect  .   (no helmet)
rElec   .          Harm     .   (no cloak)
rCorr   .          Rampage  .   (no gloves)
Will    .....                   (no boots)
Stlth   +++.......              (no amulet)
HPRegen 0.06/turn               (no ring)
MPRegen 0.08/turn               (no ring)

@: lethally poisoned (0 -> -4)
A: high MP 1, forlorn, divine attributes
a: no special abilities


You were on level 3 of the Dungeon.
You visited 2 branches of the dungeon, and saw 6 of its levels.

You collected 13 gold pieces.

Inventory:

Hand Weapons
 a - a +0 hand axe (weapon)
 i - a +0 war axe
 j - a +0 vampiric whip
Armour
 b - a +0 leather armour (worn)
Wands
 g - a wand of digging (3)
 h - a wand of polymorph (7)
Scrolls
 c - a scroll of fog
 d - a scroll of magic mapping
 k - a scroll of identify {unknown}
 l - a scroll of enchant armour {unknown}


   Skills:
 + Level 2.7 Fighting
 + Level 1.8 Axes
 + Level 1.8 Dodging
 + Level 4.5 Stealth


You couldn't memorise any spells.
You didn't know any spells.
Your spell library was empty.

Dungeon Overview and Level Annotations

Branches:
Dungeon (7/15)             Temple (1/1) D:6

Annotations:
Temple 2 transporters


Innate Abilities, Weirdness & Mutations

You have an increased reservoir of magic. (+10% MP)
You shall have no god before yourself.
Your divine heritage dramatically boosts your attributes as you level up.


Message History

The adder is severely wounded.
The adder bites you but does no damage. The adder misses you.
Unknown command.
Unknown command.
You hit the adder but do no damage.
The adder is severely wounded.
The adder closely misses you.
Unknown command.
Unknown command.
Unknown command.
You miss the adder.
The adder is severely wounded.
The adder barely misses you. The adder bites you.
* * * LOW HITPOINT WARNING * * *
You are lethally poisoned!
The adder poisons you!
Unknown command.
Unknown command.
Unknown command.
You aren't carrying any potions.
Unknown command.
As you read the scroll of fear, it crumbles to dust.
You assume a fearsome visage.
The bat looks frightened!
The endoplasm looks frightened!
The adder looks frightened!
* * * LOW HITPOINT WARNING * * *
You feel sick.
Cornered, the bat turns to fight!
Unknown command.
Unknown command.
Found 3 stones.
* * * LOW HITPOINT WARNING * * *
You feel sick.
Cornered, the adder turns to fight!
* * * LOW HITPOINT WARNING * * *
You feel sick.
The endoplasm jiggles.
You see here 12 gold pieces.
Unknown command.
Unknown command.
You hit the adder.
The adder is severely wounded.
You die...

.##.#### ........ ...
####.### #.# # #.# #.# #
#.# #.# # #.# #$#
####.#####.# ###
..>........########...(.
####.#####....bS@.......
#.......#############
#########


You could see an adder and a bat.

Vanquished Creatures
  An orc (D:5)
  A jackal (D:5)
2 creatures vanquished.

Notes
Turn   | Place    | Note
-------+----------+-------------------------------------------
     0 | D:5      | drugrobin the Demigod Delver began the quest for the Orb.
     0 | D:5      | Reached XP level 1. HP: 18/18 MP: 3/3
    30 | D:4      | Noticed a hound
   154 | D:5      | Noticed a phantom
   188 | D:6      | Noticed a phantom
   188 | D:6      | Noticed a black bear
   215 | D:6      | Found a staircase to the Ecumenical Temple.
   224 | Temple   | Entered the Ecumenical Temple
   224 | Temple   | Found a transporter.
   224 | Temple   | Found a transporter.
   261 | D:4      | Noticed a phantom
   351 | D:3      | Succumbed to an adder's poison

Illustrated notes

Levels and vault maps discovered:
D:3:      layout_loops_ring, nicolae_overflow_crystal_walls
D:4:      cheibrodos_pilgrimage, layout_cave_pools
D:5:      layout_layer_cave, lemuel_tele_altar, serial_shops, shop,
          dk_noncrumbling_4
D:6:      layout_basic, nicolae_wu_jian_immortal_techniques,
          minmay_temple_entry_arrows
D:7:      layout_rooms, lemuel_coloured_pillars_altar, serial_shops,
          kennysheep_mini, minmay_misc_feat_pillars
Temple:   hellmonk_temple_divided_pantheon

Action                   || total
-------------------------++-------
Melee: Hand axe          ||    14
       Punch             ||     1
Evoke: Wand              ||     3
  Use: Potion            ||     2
       Scroll            ||     1
Armor: Leather armour    ||    21
Dodge: Dodged            ||    29

Table legend: (Time is in decaauts)
 A = Elapsed time spent in this place.
 B = Non-inter-level travel time spent in this place.
 C = Inter-level travel time spent in this place.
 D = Time resting spent in this place.
 E = Time spent auto-exploring this place.
 F = Levels seen in this place.
 G = Mean time per level.
                   A        B        C        D        E       F      G
               +--------+--------+--------+--------+--------+-----+--------+
         Total |    334 |    334 |      0 |      0 |     79 |   6 |   55.7 |
       Dungeon |    332 |    332 |      0 |      0 |     79 |   5 |   66.4 |
        Temple |      1 |      1 |      0 |      0 |      0 |   1 |    1.0 |
               +--------+--------+--------+--------+--------+-----+--------+

Top non-repeatable levels by time:
     D:5: 180 daAuts
     D:3: 57 daAuts
     D:6: 56 daAuts
     D:7: 20 daAuts
     D:4: 18 daAuts
  Temple: 1 daAuts
